 Dungeon Crawl Stone Soup version 0.23-a0-565-g3e74e4c (webtiles) character file.

38643 MalarOregon the Spear-Bearer (level 14, 0/115 HPs)
             Began as a Merfolk Fighter on Dec 13, 2018.
             Was a Believer of Fedhas.
             Killed by divine providence
             ... invoked by a meliai
              (12 damage)
             ... on level 4 of the Lair of Beasts.
             The game lasted 00:54:52 (26089 turns).

MalarOregon the Spear-Bearer (Merfolk Fighter)     Turns: 26089, Time: 00:54:53

Health: 0/115      AC: 16    Str: 17    XL:     14   Next: 3%
Magic:  14/14      EV: 18    Int: 12    God:    Fedhas [**....]
Gold:   949        SH: 15    Dex: 13    Spells: 13/13 levels left

rFire    . . .     SeeInvis .   a - +1 trident
rCold    + . .     Gourm    .   b - +0 shield (curse)
rNeg     . . .     Faith    .   P - +1 ring mail {rC+}
rPois    .         Spirit   .   (no helmet)
rElec    .         Reflect  +   C - +0 cloak
rCorr    +         Harm     .   u - +2 pair of gloves
MR       ++...                  p - +2 pair of boots
Stlth    +.........             c - +3 amulet of reflection
HPRegen  0.29/turn              l - ring of protection from magic
MPRegen  0.14/turn              E - ring of resist corrosion

@: lethally poisoned (0 -> -1)
A: change form in water, swift swim, stealthy swim
a: Fungal Bloom, Sunlight, Evolution, Renounce Religion


You were on level 4 of the Lair of Beasts.
You worshipped Fedhas.
Fedhas was pleased with you.
You were hungry.

You visited 3 branches of the dungeon, and saw 16 of its levels.

You collected 949 gold pieces.

Inventory:

Hand Weapons
 a - a +1 trident (weapon)
Missiles
 F - 3 throwing nets (quivered) {!f}
Armour
 b - a cursed +0 shield (worn)
   (You found it on level 11 of the Dungeon)
 p - a +2 pair of boots (worn)
   (You found it on level 4 of the Dungeon)
 u - a +2 pair of gloves (worn)
   (You found it on level 3 of the Dungeon)
 C - a +0 cloak (worn)
   (You found it on level 6 of the Dungeon)
 P - a +1 ring mail of cold resistance (worn)
   (You found it on level 9 of the Dungeon)
 Q - a +2 cloak
   (You found it on level 3 of the Lair of Beasts)
Jewellery
 c - a +3 amulet of reflection (around neck)
   (You found it on level 8 of the Dungeon)
 i - an uncursed ring of protection from fire
   (You found it on level 8 of the Dungeon)
 l - a ring of protection from magic (left hand)
   (You found it on level 4 of the Dungeon)
 o - an uncursed ring of protection from cold
   (You found it on level 4 of the Dungeon)
 E - a ring of resist corrosion (right hand)
   (You found it on level 7 of the Dungeon)
Wands
 d - a wand of iceblast (12)
   (You found it on level 8 of the Dungeon)
 t - a wand of flame (34)
   (You found it on level 5 of the Dungeon)
 v - a wand of digging (8)
   (You found it on level 8 of the Dungeon)
 x - a wand of acid (12)
   (You found it on level 11 of the Dungeon)
 H - a wand of polymorph (1)
   (You found it on level 4 of the Dungeon)
Scrolls
 f - 2 scrolls of blinking
 g - a scroll of enchant weapon
 k - 6 scrolls of magic mapping
 q - 4 scrolls of amnesia
 s - 5 scrolls of teleportation {@r4}
 w - 2 scrolls of fog {unknown}
 y - 6 scrolls of remove curse {@r2}
 z - 2 scrolls of fear
 B - a scroll of summoning {unknown}
 D - a scroll of noise {!r}
 L - a scroll of identify {@r1}
 M - a scroll of holy word {unknown}
Potions
 h - 3 potions of brilliance
 j - a potion of invisibility
 m - a potion of cancellation
 n - a potion of haste {@q3}
 r - 5 potions of curing {@q1}
 A - 3 potions of lignification {unknown}
 G - a potion of degeneration {unknown}
 I - a potion of might
 J - a potion of flight
 N - a potion of mutation {unknown}
Miscellaneous
 O - a sack of spiders
Comestibles
 e - 21 rations {!d}


   Skills:
 + Level 12.2 Fighting
 - Level 14.0 Polearms
 + Level 8.8 Armour
 + Level 13.7 Dodging
 + Level 11.3 Shields


You had 13 spell levels left.
You didn't know any spells.
Your spell library contained the following spells:

 Spells                   Type           Power        Failure   Level  Hunger
 Confusing Touch          Hex            #.....       65%         1    ##.....
 Corona                   Hex            #......      65%         1    ##.....
 Magic Dart               Conj           #...         65%         1    ##.....
 Blink                    Tloc           N/A          78%         2    ###....
 Call Imp                 Summ           #.......     78%         2    ###....
 Corpse Rot               Necr           N/A          78%         2    ###....
 Ensorcelled Hibernation  Hex/Ice        #.....       78%         2    ###....
 Slow                     Hex            #.......     78%         2    ###....
 Sublimation of Blood     Necr           #.........   78%         2    ###....
 Confuse                  Hex            #.......     95%         3    ####...
 Conjure Flame            Conj/Fire      #.......     95%         3    ####...
 Dazzling Spray           Conj/Hex       #.....       95%         3    ####...
 Gell's Gravitas          Tloc           #.........   95%         3    ####...
 Inner Flame              Hex/Fire       #.......     95%         3    ####...
 Mephitic Cloud           Conj/Pois/Air  #.......     95%         3    ####...
 Portal Projectile        Hex/Tloc       #.....       95%         3    ####...
 Static Discharge         Conj/Air       #.......     95%         3    ####...
 Tukima's Dance           Hex            #.......     95%         3    ####...
 Cause Fear               Hex            #.........   100%        4    #####..
 Leda's Liquefaction      Hex/Erth       #.........   100%        4    #####..
 Petrify                  Tmut/Erth      #.......     100%        4    #####..
 Agony                    Necr           #.......     100%        5    ######.
 Bolt of Draining         Conj/Necr      #.........   100%        5    ######.
 Dispel Undead            Necr           #.......     100%        5    ######.
 Excruciating Wounds      Chrm/Necr      #.........   100%        5    ######.
 Lightning Bolt           Conj/Air       #.........   100%        5    ######.
 Metabolic Englaciation   Hex/Ice        #.........   100%        5    ######.
 Yara's Violent Unravell  Hex/Tmut       #.........   100%        5    ######.
 Ignition                 Fire           #.........   100%        8    #######
 Shatter                  Erth           #.........   100%        9    #######
 Tornado                  Air            #.........   100%        9    #######


Dungeon Overview and Level Annotations

Branches:
Dungeon (11/15)            Temple (1/1) D:5            Lair (4/6) D:11
  Snake (0/4) Lair:2          Orc (0/2) D:9
  Swamp: Lair:2-4    Shoals: Lair:2-4

Altars:
Ashenzari
Cheibriados
Dithmenos
Elyvilon
Fedhas
Gozag
Hepliaklqana
Kikubaaqudgha
Makhleb
Nemelex Xobeh
Okawaru
Qazlal
Ru
Sif Muna
Trog
Uskayaw
Vehumet
Wu Jian
Xom
Yredelemnul
Zin
The Shining One
Beogh

Annotations:
D:10 4 runed doors
D:11 1 runed door, HydraWiggins's ghost, journeyman TrNe


Message History

You miss the killer bee.
You feel sick.
The meliai is engulfed in noxious fumes.
The killer bee barely misses you.
The meliai is engulfed in noxious fumes.
The meliai appears confused.
You puncture the killer bee!
You kill the killer bee!
The meliai is engulfed in noxious fumes.
The meliai appears confused.
You feel sick.
The meliai is engulfed in noxious fumes.
The meliai appears confused.
The meliai is engulfed in noxious fumes.
The meliai appears confused.
You see here a killer bee corpse.
The meliai is engulfed in noxious fumes.
The meliai appears confused.
The meliai is engulfed in noxious fumes.
The meliai appears confused.
You feel sick.
The meliai is engulfed in noxious fumes.
The meliai appears confused.
The meliai is engulfed in noxious fumes.
The meliai appears confused.
The meliai is engulfed in noxious fumes.
The meliai appears confused.
The meliai is engulfed in noxious fumes.
The meliai is engulfed in noxious fumes.
The meliai appears confused.
You block the meliai's attack. The meliai misses you.
You hit the meliai.
You kill the meliai!
You feel sick.
Things that are here:
a +0 hand axe; a +0 robe You feel sick.
You start resting.
You feel sick.
A meliai comes into view. It is wielding a +0 hand axe.
You see here a bullfrog corpse.
You butcher the bullfrog corpse.
You feel sick.
Things that are here:
3 chunks of flesh; a bullfrog skeleton You closely miss the killer bee.
The killer bee is engulfed in noxious fumes.
The killer bee appears confused.
The meliai calls down the wrath of its god upon you.
Something smites you!
You die...
Fedhas appreciates your contribution to the ecosystem.

... ###PP.###### ....
#PP.# .... #PP.# .(...
#..<# .....##### ##.## #
...#...#.######...######
#..y.y....#..#..#.#...
####§%.......#....#...
#P@.).†............
###.).†.....#....P.
#.##.###.###.#...# ##
### ### #######


You could see a meliai and a killer bee (confused).

Vanquished Creatures
  2 hydras
  Erolcha (D:11)
  Harold (D:7)
  2 catoblepae
  A deep troll earth mage (D:11)
  Erica (D:8)
  A centaur warrior (D:8)
  3 two-headed ogres
  A death yak (Lair:4)
  An unseen horror (D:10)
  Pikel (D:9)
  3 ugly things
  A cyclops (D:11)
  3 elephants (Lair:3)
  Joseph (D:7)
  4 centaur zombies
  2 black mambas
  A torpor snail (shapeshifter) (D:8)
  Psyche (D:8)
  A torpor snail (Lair:3)
  10 spiny frogs
  6 komodo dragons
  A rime drake (Lair:4)
  5 trolls
  2 meliai (Lair:4)
  A polar bear (Lair:3)
  2 tyrant leeches (Lair:3)
  2 hornets
  6 slime creatures
  2 dream sheep (Lair:3)
  Grinder (D:6)
  5 blink frogs (Lair:4)
  7 hippogriffs
  A water elemental (D:10)
  Sigmund (D:6)
  A wyvern (D:10)
  21 yaks
  4 hogs (D:7)
  A human (D:7)
  A hungry ghost (D:5)
  4 basilisks
  3 swamp worms (Lair:3)
  A vampire mosquito (D:8)
  A warg (D:8)
  A soldier ant (D:11)
  4 porcupines
  14 water moccasins
  3 sky beasts
  A slave (D:9)
  5 ice beasts
  3 orc warriors
  A necrophage (D:9)
  5 ogres
  2 phantoms
  A boggart (D:8)
  An eye of draining (D:11)
  A centaur (D:11)
  5 crocodiles
  13 bullfrogs
  A wyvern skeleton (D:10)
  6 scorpions
  9 killer bees
  An electric eel (D:11)
  6 crimson imps
  A quasit (D:4)
  14 hounds
  Crazy Yiuf (D:6)
  A jelly (D:7)
  8 orc priests
  4 iguanas
  6 orc wizards
  9 worker ants
  A hound skeleton (D:5)
  2 howler monkey skeletons (D:10)
  20 adders
  3 shadow imps
  5 oozes
  An adder zombie (D:7)
  2 worms
  2 dart slugs (D:3)
  3 leopard geckos
  30 orcs
  3 ball pythons
  7 giant cockroaches
  9 goblins
  13 hobgoblins
  23 jackals
  3 quokkas
  8 bats
  3 frilled lizards
  A jackal skeleton (D:4)
  10 kobolds
  A quokka zombie (D:8)
  6 rats
404 creatures vanquished.

Vanquished Creatures (collateral kills)
  A killer bee (Lair:4)
1 creature vanquished.

Vanquished Creatures (others)
  A cyclops (D:11)
  A slave (D:9)
  A centaur (D:9)
  A hound (D:11)
  3 fungi
  4 plants
  109 toadstools
120 creatures vanquished.

Grand Total: 525 creatures vanquished

Notes
Turn   | Place    | Note
-------+----------+-------------------------------------------
     0 | D:1      | MalarOregon the Merfolk Fighter began the quest for the
                  | Orb.
     0 | D:1      | Reached XP level 1. HP: 18/18 MP: 1/1
   233 | D:1      | Reached XP level 2. HP: 24/24 MP: 2/2
   319 | D:1      | Reached skill level 1 in Dodging
   682 | D:1      | Reached XP level 3. HP: 29/29 MP: 3/3
  1419 | D:2      | Found a deep blue altar of Sif Muna.
  1522 | D:2      | Found a burning altar of Makhleb.
  1523 | D:2      | Found a radiant altar of Vehumet.
  1728 | D:3      | Reached XP level 4. HP: 12/37 MP: 4/4
  2168 | D:3      | Reached skill level 4 in Polearms
  2506 | D:3      | Found a bloodstained altar of Trog.
  2639 | D:3      | Reached XP level 5. HP: 39/42 MP: 5/5
  3640 | D:4      | Reached XP level 6. HP: 48/49 MP: 6/6
  4057 | D:4      | Reached skill level 5 in Polearms
  4390 | D:5      | Entered Level 5 of the Dungeon
  4417 | D:5      | Reached XP level 7. HP: 55/55 MP: 7/7
  4467 | D:5      | Found a white marble altar of Elyvilon.
  4561 | D:5      | Found a staircase to the Ecumenical Temple.
  4578 | Temple   | Entered the Ecumenical Temple
  4785 | Temple   | Became a worshipper of Fedhas Madash
  4934 | D:5      | Reached skill level 5 in Fighting
  5748 | D:5      | Found an opulent altar of Gozag.
  5908 | D:5      | Noticed a hungry ghost
  5943 | D:5      | Killed a hungry ghost
  5943 | D:5      | Reached skill level 6 in Polearms
  5973 | D:5      | Reached XP level 8. HP: 63/63 MP: 8/8
  5979 | D:5      | Found a hazy altar of Hepliaklqana.
  6029 | D:5      | Found a sacrificial altar of Ru.
  6127 | D:6      | Reached skill level 5 in Dodging
  6127 | D:6      | Reached skill level 5 in Shields
  6330 | D:6      | Noticed Grinder
  6349 | D:6      | Killed Grinder
  6349 | D:6      | Reached skill level 7 in Polearms
  6864 | D:6      | Noticed Sigmund
  6877 | D:6      | Killed Sigmund
  6896 | D:6      | Reached XP level 9. HP: 67/70 MP: 9/9
  7016 | D:6      | Found a runed door.
  7162 | D:6      | Noticed Crazy Yiuf
  7178 | D:6      | Killed Crazy Yiuf
  7404 | D:7      | Reached skill level 8 in Polearms
  7882 | D:7      | Noticed Harold
  7914 | D:7      | Killed Harold
  7914 | D:7      | Reached skill level 9 in Polearms
  7914 | D:7      | Reached skill level 5 in Armour
  8068 | D:7      | Reached XP level 10. HP: 52/79 MP: 10/10
  8324 | D:7      | Noticed Joseph
  8345 | D:7      | Killed Joseph
  8794 | D:8      | Reached skill level 10 in Polearms
  8820 | D:8      | Reached * piety under Fedhas
  9060 | D:8      | Noticed Psyche
  9068 | D:8      | Killed Psyche
  9158 | D:8      | Noticed Maurice
  9159 | D:8      | Noticed Maurice
  9159 | D:8      | Maurice changed into Maurice the warg
  9174 | D:8      | Killed Maurice the warg
  9192 | D:8      | Noticed Erica
  9208 | D:8      | Killed Erica
  9807 | D:8      | Reached XP level 11. HP: 87/87 MP: 11/11
  9810 | D:8      | Found a runed door.
  9837 | D:8      | Noticed a centaur warrior
  9837 | D:8      | Noticed a red ugly thing
  9840 | D:8      | Killed a centaur warrior
  9840 | D:8      | Noticed a fire crab
  9846 | D:8      | Killed a red ugly thing
  9846 | D:8      | Reached skill level 11 in Polearms
 10230 | D:8      | Reached skill level 10 in Dodging
 10882 | D:8      | Got an ichor-stained war axe
 11029 | D:9      | Found a transporter.
 11031 | D:9      | Found a transporter.
 11344 | D:9      | Noticed Pikel
 11387 | D:9      | Killed Pikel
 11496 | D:9      | Found a glowing golden altar of the Shining One.
 11638 | D:9      | Found a staircase to the Orcish Mines.
 11705 | D:9      | Found a roughly hewn altar of Beogh.
 12116 | D:9      | Got a pair of faintly glowing gloves
 12119 | D:9      | Got a brightly glowing short sword
 12184 | D:9      | Identified the cursed -7 pair of gloves "Sidir" {SInv} (You
                  | found it on level 9 of the Dungeon)
 12215 | D:10     | Entered Level 10 of the Dungeon
 12243 | D:8      | HP: 2/89 [slime creature (17)]
 12341 | D:8      | HP: 3/89 [slime creature (9)]
 12748 | D:9      | Found a transporter.
 12748 | D:9      | Found a transporter.
 12752 | D:9      | Found a roughly hewn altar of Beogh.
 12798 | D:9      | Found a staircase to the Orcish Mines.
 12912 | D:10     | Found a huge runed gate.
 12913 | D:10     | Found a huge runed gate.
 12946 | D:10     | HP: 3/89 [large slime creature (24)]
 12949 | D:10     | Found a huge runed gate.
 12949 | D:10     | Found a huge runed gate.
 12950 | D:10     | Noticed a manticore
 12952 | D:10     | Noticed a death yak
 12954 | D:10     | Noticed a death yak
 14187 | D:10     | Killed an unseen horror
 14187 | D:10     | Reached skill level 12 in Polearms
 14545 | D:10     | Reached XP level 12. HP: 46/97 MP: 12/12
 14845 | D:10     | Reached skill level 10 in Fighting
 15087 | D:10     | Noticed a two-headed ogre
 15095 | D:10     | Killed a two-headed ogre
 15200 | D:11     | Found a staircase to the Lair.
 15225 | D:11     | Noticed a two-headed ogre
 15523 | D:10     | Killed a two-headed ogre
 15790 | D:11     | Noticed Sonja
 15791 | D:11     | Noticed Sonja
 15791 | D:11     | Sonja changed into Sonja the basilisk
 15801 | D:11     | Paralysed by a hornet for 1 turns
 16066 | D:11     | Killed Sonja the basilisk
 16898 | D:11     | Noticed a two-headed ogre
 16913 | D:11     | Killed a two-headed ogre
 16944 | D:11     | Found a runed door.
 16944 | D:11     | Noticed HydraWiggins's ghost (journeyman TrNe)
 16984 | D:11     | Reached skill level 13 in Polearms
 17251 | D:11     | Noticed Erolcha
 17258 | D:11     | Killed Erolcha
 17809 | D:11     | Noticed a deep troll earth mage
 17829 | D:11     | Killed a deep troll earth mage
 17829 | D:11     | Reached skill level 10 in Shields
 17934 | Lair:1   | Entered Level 1 of the Lair of Beasts
 18297 | D:11     | Reached XP level 13. HP: 18/106 MP: 13/13
 21765 | Lair:2   | Reached ** piety under Fedhas
 21826 | Lair:2   | Found a staircase to the Snake Pit.
 22037 | Lair:2   | Reached skill level 14 in Polearms
 25987 | Lair:4   | Reached XP level 14. HP: 113/115 MP: 14/14
 26089 | Lair:4   | Killed from afar by a meliai

Vault maps used:
D:1:      lemuel_arrival_tunnels, chequers_serial_rivers_large_a, st_stairs_4,
          grunt_decor_clamped, minmay_heptomino_o4
D:2:      gammafunk_temple_overflow_statue, lemuel_blue_sif_altar
D:3:      minmay_razor_zed, bloody_trog, kennysheep_generic_room_8
D:4:      first_ration, minmay_misc_feat_tower
D:5:      old_standard_altar, old_standard_altar, marbit_many_paths,
          kennysheep_mini, minmay_temple_entry_offerings
D:6:      uniq_crazy_yiuf_cottage, uniq_grinder, uniq_sigmund
D:7:      grunt_livestock, st_stairs_3, uniq_joseph, uniq_harold
D:8:      minmay_the_grid_triangle_9x9_rhombus_thin, hangedman_decor_lopped,
          st_stairs_6, uniq_erica, uniq_psyche, uniq_maurice
D:9:      gammafunk_beogh_shrine, tso_metal_star, orc_0_dummy, uniq_pikel
D:10:     lemuel_bear_cage
D:11:     erik_lair_island, gammafunk_ghost_grave, minmay_three_doors,
          uniq_erolcha, uniq_sonja
Temple:   oiseaux_autumnal_temple
Lair:1:   chequers_serial_rivers_micro_c
Lair:2:   minmay_snake_entry_six_corridors, grunt_megastairs_2
Lair:3:   palyth_hydra_swamp_entry, lemuel_fruit_fields
Lair:4:   special_room, st_stairs_10, grunt_forest_small_clearings,
          nicolae_lair_yak_garden, lemuel_fruit_tree, uniq_kirke

Skill      XL: |  1  2  3  4  5  6  7  8  9 10 11 12 13 |
---------------+----------------------------------------+-----
Dodging        | 1 2 3 4 6 8 9 10 12 13 | 13.7
Polearms       | 4 5 6 7 9 10 12 13 14 | 14.0
Fighting       | 4 5 6 7 8 9 11 12 | 12.2
Armour         | 3 4 5 6 7 8 |  8.8
Shields        | 4 5 6 7 9 10 11 | 11.3

Action                   |  1- 3 |  4- 6 |  7- 9 | 10-12 | 13-15 || total
-------------------------+-------+-------+-------+-------+-------++-------
Melee: Trident           |   151 |   339 |   480 |  1354 |  1065 ||  3389
       Tailslap          |       |       |       |    11 |     5 ||    16
Throw: Throwing net      |       |       |       |     1 |       ||     1
Invok: Fungal Bloom      |       |       |    11 |    28 |     9 ||    48
Evoke: Wand              |       |       |       |    36 |     7 ||    43
       Sack of spiders   |       |       |       |     1 |     1 ||     2
  Use: Potion            |     1 |     2 |     3 |     4 |       ||    10
       Scroll            |       |     8 |     3 |    10 |     3 ||    24
 Stab: Petrified         |       |       |       |       |    14 ||    14
       Confused          |       |       |       |       |     1 ||     1
  Eat: Chunk             |     2 |    10 |     8 |    27 |    13 ||    60
       Ration            |       |       |     4 |     2 |     5 ||    11
Armor: Scale mail        |    57 |   136 |   147 |    89 |       ||   429
       Ring mail         |       |       |       |   222 |   160 ||   382
Dodge: Dodged            |    39 |    97 |   155 |   534 |   361 ||  1186
Block: Shield            |    61 |   138 |   188 |   768 |   534 ||  1689
       Reflection        |       |       |       |     6 |     2 ||     8

Table legend:
 A = Non-vault XP
 B = Vault XP
 C = Vault XP percentage of total XP
 D = Non-vault monster count
 E = Vault monster count
 F = Vault count percentage of total count
                 A         B        C        D         E       F
            +---------+---------+-------+---------+---------+-------
      Total |   36077 |   19128 |  34.6 |     295 |     110 |  27.2
            +---------+---------+-------+---------+---------+-------
        D:1 |      27 |      10 |  27.0 |      19 |       6 |  24.0
        D:2 |      27 |       0 |   0.0 |       8 |       0 |   0.0
        D:3 |     144 |      43 |  23.0 |      28 |      15 |  34.9
        D:4 |     340 |       0 |   0.0 |      18 |       0 |   0.0
        D:5 |     644 |       0 |   0.0 |       7 |       0 |   0.0
        D:6 |     740 |     532 |  41.8 |      24 |       3 |  11.1
        D:7 |    1210 |    2707 |  69.1 |      22 |      10 |  31.2
        D:8 |    1755 |    4294 |  71.0 |      18 |      15 |  45.5
        D:9 |    2129 |    1126 |  34.6 |      17 |      14 |  45.2
       D:10 |    6648 |     433 |   6.1 |      38 |       4 |   9.5
       D:11 |    5916 |    2699 |  31.3 |      36 |       8 |  18.2
     Lair:1 |    2284 |       0 |   0.0 |       9 |       0 |   0.0
     Lair:2 |    4431 |    1725 |  28.0 |      12 |      18 |  60.0
     Lair:3 |    6422 |    2010 |  23.8 |      24 |       6 |  20.0
     Lair:4 |    3360 |    3549 |  51.4 |      15 |      11 |  42.3
            +---------+---------+-------+---------+---------+-------
